 Dungeon Crawl Stone Soup version 0.28-a0-973-ga7f8b01127 (webtiles) character file.

Game seed: 17790332562618949615

51 Strat the Sneak (level 3, 0/25 (27) HPs)
             Began as a Demonspawn Brigand on Dec 1, 2021.
             Slain by an adder (3 damage)
             ... on level 2 of the Dungeon.
             The game lasted 00:02:05 (2323 turns).

Strat the Sneak (Demonspawn Brigand)                Turns: 2323, Time: 00:02:06

HP:   0/25 (27)     AC:  3    Str: 13    XL:     3   Next: 58%
MP:   3/3           EV: 11    Int: 12    God:
Gold: 43            SH:  0    Dex: 14    Spells: 2/2 levels left

rFire   . . .      SeeInvis .   a - +2 dagger
rCold   . . .      Faith    .   (no shield)
rNeg    . . .      Spirit   .   b - +0 robe
rPois   .          Reflect  .   (no helmet)
rElec   .          Harm     .   c - +0 cloak
rCorr   .          Rampage  .   (no gloves)
Will    .....                   (no boots)
Stlth   ++........              (no amulet)
HPRegen 0.08/turn               (no ring)
MPRegen 0.08/turn               (no ring)

@: drained
A: claws 1
a: no special abilities


You were on level 2 of the Dungeon.
You visited 1 branch of the dungeon, and saw 2 of its levels.

You collected 43 gold pieces.

Inventory:

Hand Weapons
 a - a +2 dagger (weapon)
Missiles
 d - 8 poisoned darts (quivered)
 e - 2 curare-tipped darts
 f - 105 stones
 i - 12 sling bullets
Armour
 b - a +0 robe (worn)
 c - a +0 cloak (worn)
Scrolls
 j - a scroll of magic mapping {unknown}
 k - a scroll of teleportation {unknown}
 l - a scroll of fog {unknown}
 o - 3 scrolls of vulnerability {unknown}
 p - 2 scrolls of noise {unknown}
Potions
 g - a potion of heal wounds {unknown}
 h - a potion of might {unknown}
 m - a potion of invisibility {unknown}
 n - a potion of curing {unknown}
 q - a potion of lignification {unknown}


   Skills:
 - Level 2.0 Fighting
 + Level 3.6 Short Blades
 - Level 1.7 Throwing
 - Level 0.8 Dodging
 - Level 3.6 Stealth


You had 2 spell levels left.
You didn't know any spells.
Your spell library was empty.

Dungeon Overview and Level Annotations

Branches:
Dungeon (2/15)

Altars:

Annotations:
D:2 Robin


Innate Abilities, Weirdness & Mutations

You have sharp fingernails.


Message History

You closely miss the adder.
The adder is moderately wounded.
You feel sick.
The goblin no longer looks unusually strong. x2
The adder closely misses you. The adder bites you.
* * * LOW HITPOINT WARNING * * *
You hit the adder but do no damage.
The adder is moderately wounded.
You feel sick.
Robin drinks a potion.
Robin seems to speed up.
The adder closely misses you.
You miss the adder.
The adder is moderately wounded.
You feel sick. The adder barely misses you. Robin throws the goblin at you!
* * * LOW HITPOINT WARNING * * *
Unknown command.
You hit the goblin.
You kill the goblin!
You feel sick.
You are no longer poisoned.
The adder bites you.
* * * LOW HITPOINT WARNING * * *
Robin throws the goblin at you! The goblin hits you but does no damage.
You feel drained.
Things that are here:
a +0 club; a goblin corpse You completely miss the goblin.
The adder barely misses you.
You hit the goblin.
The goblin is severely wounded.
The adder barely misses you.
The goblin hits you with a +2 dagger of draining.
* * * LOW HITPOINT WARNING * * *
You feel drained.
* * * LOW HITPOINT WARNING * * *
Robin roars a battlecry!
The goblins go into a battle-frenzy!
You closely miss the goblin.
The goblin is severely wounded.
The adder bites you but does no damage. The goblin barely misses you.
The adder bites you.
You die...

##......#.#.##....
#......#.#.##....
#......#g#.##....
########g#.##....
#g#.######
#.#.######
#.#.#.....
###########.#
#.####
#.g@Sggg....#
#.####
#.#########.#
#..... .. ###
###### ##


You could see Robin (fast), an adder, a hobgoblin (strong) and 2 goblins.

Vanquished Creatures
  An adder (D:2)
  6 endoplasms
  A giant cockroach (D:1)
  6 goblins
  4 hobgoblins
  2 jackals (D:2)
  2 quokkas (D:1)
  5 ball pythons
  3 bats
  3 frilled lizards (D:2)
  A kobold (D:2)
  5 rats
39 creatures vanquished.

Notes
Turn   | Place    | Note
-------+----------+-------------------------------------------
     0 | D:1      | Strat the Demonspawn Brigand began the quest for the Orb.
     0 | D:1      | Reached XP level 1. HP: 16/16 MP: 1/1
   156 | D:1      | Gained mutation: You have sharp fingernails. [demonic
                  | ancestry]
   156 | D:1      | Reached XP level 2. HP: 20/22 MP: 2/2
   897 | D:1      | Found a faded altar of an unknown god.
  1220 | D:2      | Reached XP level 3. HP: 10/27 MP: 3/3
  2295 | D:2      | Noticed Robin
  2323 | D:2      | Slain by an adder

Illustrated notes

Levels and vault maps discovered:
D:1:      amcnicky_arrival_blooded_trapdoor, layout_loops_ring,
          shapermc_ecumenical_altar_pompeii
D:2:      layout_basic, uniq_robin

Skill      XL: |  1  2 |
---------------+-------+-----
Short Blades   | 2 3 |  3.6
Fighting       | |  2.0
Throwing       | |  1.7
Dodging        | |  0.8
Stealth        | |  3.6

Action                   || total
-------------------------++-------
Melee: Dagger            ||   128
 Stab: Sleeping          ||    11
Armor: Robe              ||    31
Dodge: Dodged            ||    57

Table legend: (Time is in decaauts)
 A = Elapsed time spent in this place.
 B = Non-inter-level travel time spent in this place.
 C = Inter-level travel time spent in this place.
 D = Time resting spent in this place.
 E = Time spent auto-exploring this place.
 F = Levels seen in this place.
 G = Mean time per level.
                   A        B        C        D        E       F      G
               +--------+--------+--------+--------+--------+-----+--------+
         Total |   2304 |   2245 |     59 |    194 |   1731 |   2 | 1152.0 |
       Dungeon |   2304 |   2245 |     59 |    194 |   1731 |   2 | 1152.0 |
               +--------+--------+--------+--------+--------+-----+--------+

Top non-repeatable levels by time:
     D:1: 1170 daAuts
     D:2: 1133 daAuts
